AoeStats
← 養成計畫

Arena

510360049Analyzed
2v2 RM · 19h ago on Sep 30, 2026· 43m 21s· 4 players
Game mode
Random Map
Map size
Medium (4 player)
Population
200
Speed
Normal
Resources
Standard
Victory
Conquest
Starting age
Dark Age
Ending age
Imperial Age
RankedLock teamsTeams togetherTeam positionsShared explorationLock speedFull tech treeHidden civsTurbo modeCheats
Victory
Defeat
🇦🇷 Saxons · Argentina
1038
+12
🇦🇷 Poles · Argentina
1038
+12
🇵🇰 Bohemians · Pakistan
976
-13
🇨🇳 Bulgarians · China
928
-11
hedianzishui
9:20 Feudal Age
10:01 Double-Bit Axe
12:49 Scale Mail Armor
12:54 Scale Barding Armor
16:59 Castle Age
15:47 Forging
20:19 Bow Saw
25:02 Wheelbarrow
26:07 Loom
27:13 Horse Collar
31:11 Imperial Age
31:34 Gold Mining
31:41 Stone Mining
32:16 Conscription
31:57 Bagains
33:09 Scale Barding Armor
33:05 Scale Mail Armor
33:40 Iron Casting
33:12 Stirrups
33:48 Squires
33:34 Gambesons
33:57 Heavy Plow
35:06 Bloodlines
34:57 Husbandry
34:17 Light Cavalry
35:35 Gold Shaft Mining
35:42 Elite Konnik
36:49 Chain Mail Armor
36:53 Arson
38:13 Blast Furnace
37:44 Plate Mail Armor
38:11 Hand Cart
39:00 Pikeman
titan_oranos
2:20 Loom
10:31 Feudal Age
14:00 Double-Bit Axe
18:42 Castle Age
17:01 Horse Collar
19:33 Wheelbarrow
20:07 Bow Saw
23:53 Squires
24:34 Pikeman
32:45 Imperial Age
30:40 Hand Cart
30:55 Scale Mail Armor
31:06 Forging
31:28 Town Watch
32:08 Ballistics
33:03 Chemistry
33:07 Chain Mail Armor
33:10 Halberdier
33:36 Arson
33:58 Murder Holes
34:50 Conscription
34:46 Wagenburg Tactics
35:20 Fortified Wall
35:23 Masonry
35:53 Iron Casting
36:23 Siege Engineers
37:24 Plate Mail Armor
37:54 Blast Furnace
37:09 Heavy Plow
38:13 Two-Man Saw
養成計畫
10:58 Feudal Age
14:45 Castle Age
12:56 Stone Mining
14:16 Horse Collar
17:40 Double-Bit Axe
28:17 Gold Mining
28:53 Forging
29:12 Squires
28:58 Gambesons
33:34 Imperial Age
30:52 Loom
32:53 Scale Mail Armor
33:28 Iron Casting
32:45 Fletching
34:48 Gold Shaft Mining
34:40 Conscription
34:25 Elite Varangian Guard
34:55 Arson
37:50 Chain Mail Armor
40:55 Wheelbarrow
40:07 Town Watch
43:00 Hand Cart
Lannister
7:16 Loom
10:31 Feudal Age
15:40 Castle Age
13:57 Horse Collar
14:10 Double-Bit Axe
14:47 Horse Collar
18:37 Bow Saw
19:22 Heavy Plow
21:19 Wheelbarrow
23:48 Hand Cart
23:21 Loom
28:00 Imperial Age
25:41 Scale Mail Armor
25:51 Forging
26:18 Stone Mining
26:21 Gold Mining
26:53 Chain Mail Armor
27:48 Iron Casting
27:55 Stone Shaft Mining
29:57 Crop Rotation
30:01 Plate Mail Armor
30:32 Blast Furnace
29:55 Conscription
29:34 Elite Obuch
30:25 Squires
30:11 Arson
31:01 Scale Barding Armor
31:45 Lechitic Legacy
32:11 Bloodlines
32:02 Husbandry
31:22 Light Cavalry
33:51 Chain Barding Armor
33:34 Winged Hussar
34:49 Fletching
35:38 Hoardings
35:30 Bodkin Arrow
35:28 Capped Ram
37:30 Siege Ram
38:40 Siege Engineers
38:46 Masonry
38:17 Treadmill Crane
39:38 Chemistry
39:07 Ballistics
Connection lost

Rejoining the realm…

Still unreachable

The connection could not be restored.

Session expired

The server has moved on; the page needs a fresh start.